 Dungeon Crawl Stone Soup version 0.31-a0-232-gb1c03b2570 (webtiles) character file.

Game seed: 13035070264881284006

200 qw the Shooter (level 5, -4/31 HPs)
             Began as a Gargoyle Hexslinger on July 6, 2023.
             Slain by an ogre
             ... wielding a +0 giant club
              (11 damage)
             ... on level 4 of the Dungeon.
             The game lasted 00:01:13 (2720 turns).

qw the Shooter (Gargoyle Hexslinger)                Turns: 2720, Time: 00:01:14

Health: -4/31      AC: 12    Str: 12    XL:     5   Next: 79%
Magic:  6/6        EV: 10    Int: 13    God:
Gold:   55         SH:  0    Dex: 14    Spells: 5/6 levels left

rFire   . . .        Y - +1 sling
rCold   . . .        (no shield)
rNeg    + . .        b - +0 ring mail
rPois   inf          f - +0 helmet
rElec   +            (no cloak)
rCorr   .            d - +1 pair of gloves
SInv    .            (no boots)
Will    .....        (no amulet)
Stlth   +            (no ring)
HPRegen 0.25/turn    (no ring)
MPRegen 0.10/turn

%: no passive effects
@: no status effects
A: sickness immunity, AC +4, negative energy resistance 1, electricity
resistance, torment resistance 1, petrification resistance
a: no special abilities


You were on level 4 of the Dungeon.
You visited 1 branch of the dungeon, and saw 4 of its levels.

You collected 109 gold pieces.
You spent 54 gold pieces at shops.


Innate Abilities, Weirdness & Mutations

You are immune to sickness and miasma.
Your stone body is resilient. (AC +4)
You are immune to poison.
You resist negative energy. (rN+)
You are resistant to electric shocks. (rElec)
You are resistant to unholy torment.
You are immune to petrification.


   Skills:
 + Level 2.6 Fighting
 - Level 5.1 Ranged Weapons
 - Level 1.2 Armour
 - Level 1.5 Dodging
 - Level 1.0 Spellcasting
 - Level 2.6 Hexes


You had 5 spell levels left.
You knew the following spells:

 Your Spells              Type           Power      Damage    Failure   Level
a - Slow                  Hex            28%        N/A       22%         1

Your spell library contained the following spells:

 Spells                   Type           Power      Damage    Failure   Level
 Inner Flame              Hex/Fire       4%         N/A       73%         3
 Portal Projectile        Hex/Tloc       8%         N/A       73%         3
 Cause Fear               Hex            3%         N/A       91%         4

Inventory:

Hand Weapons
 Y - a +1 sling (weapon)
Armour
 b - a +0 ring mail (worn)
 d - a +1 pair of gloves (worn)
 f - a +0 helmet (worn)
Scrolls
 a - a scroll of identify
Potions
 e - a potion of resistance
 h - 2 potions of enlightenment

Dungeon Overview and Level Annotations

Branches:
Dungeon (4/15)
 Temple: D:4-7

Altars:

Shops:
D:3 [

Annotations:
D:2 1 runed translucent door, Crazy Yiuf


Message History

2676 ||| READING scroll labelled ZUPIDWY OKOM.
As you read the scroll labelled ZUPIDWY OKOM, it crumbles to dust.
You hear a loud clanging noise!
It was a scroll of noise.
Done exploring.
(D) Dungeon
Where to? (* - list waypoints, Enter - D:3, ? - help)
What level of the Dungeon? (default 1, ? - help)
Things that are here:
a +0 club; an orc skeleton You see here a +0 hand axe.
There is a stone staircase leading down here.
You climb downwards.
You hear the sound of rushing water.
There is an entrance to a sewer on this level.
Hurry and find it before the portal rusts away!
The ogre shouts!
The orc shouts!
Found 5 gold pieces.
There is a stone staircase leading up here.
There are monsters nearby!
Waypoint 3 assigned to D:4.
2717 ||| PLANNING SEWER You shoot a sling bullet.
The sling bullet hits the ogre!
The ogre is moderately wounded.
An orc comes into view. It is wielding a +0 flail.
You shoot a sling bullet. The orc shouts!
The sling bullet hits the ogre.
The ogre is moderately wounded.
You shoot a sling bullet.
The sling bullet closely misses the ogre.
The sling bullet hits the orc.
The orc is moderately wounded.
An orc comes into view. It is wielding a +0 hand axe.
An orc priest comes into view. It is wielding a +0 club.
The ogre hits you with a +0 giant club!!
Ouch! That really hurt!
2720 ||| STAIRDANCE The orc priest shouts!
The ogre hits you with a +0 giant club!
You die...

.. o ##.
##.o
####..#
#.#.....#
.$....oO##
#@.# ##.#
... ##...
#...# ....
... .#


You could see an ogre and 3 orcs.

Vanquished Creatures
  Natasha (thrice) (D:2)
  3 adders
  3 worms
  2 dart slugs
  6 orcs (D:3)
  5 ball pythons
  7 bats
  6 endoplasms
  3 giant cockroaches
  3 hobgoblins (D:1)
  14 jackals (D:1)
  5 kobolds
  4 quokkas
  5 frilled lizards
  4 goblins
  7 rats
80 creatures vanquished.

Notes
Turn   | Place    | Note
-------+----------+-------------------------------------------
     0 | D:1      | qw the Gargoyle Hexslinger began the quest for the Orb.
     0 | D:1      | Reached XP level 1. HP: 12/12 MP: 2/2
     0 | D:1      | 0 ||| qw: Version: 0.3-a-46-gb1f654a
     0 | D:1      | 0 ||| qw: Game counter: 2030
     0 | D:1      | 0 ||| qw: Melee chars always use a shield: true
     0 | D:1      | 0 ||| qw: God list: Okawaru
     0 | D:1      | 0 ||| qw: Allow faded altars: false
     0 | D:1      | 0 ||| qw: Do Orc after clearing Dungeon:15 true
     0 | D:1      | 0 ||| qw: Do second Lair branch before Depths: true
     0 | D:1      | 0 ||| qw: Lair rune preference: random
     0 | D:1      | 0 ||| qw: Goals: Normal
     0 | D:1      | 0 ||| PLANNING D:1-11
    85 | D:1      | Reached XP level 2. HP: 16/16 MP: 3/3
   174 | D:1      | Reached skill level 3 in Ranged Weapons
   276 | D:1      | Reached XP level 3. HP: 17/21 MP: 4/4
   391 | D:1      | HP: 5/21 [jackal (2)]
   392 | D:1      | HP: 2/21 [jackal (3)]
   703 | D:1      | Found a faded altar of an unknown god.
   950 | D:1      | 950 ||| UPGRADING to +1 pair of gloves.
   955 | D:1      | 955 ||| READING 3 scrolls labelled POYHEI XOTOCK.
   956 | D:1      | 956 ||| READING scroll labelled CASCHY GEHU.
   957 | D:1      | 957 ||| READING scroll labelled GOICYRCHU UPLEMN.
   961 | D:1      | 961 ||| READING 3 scrolls labelled CIUSIUW SIRECO.
   962 | D:1      | 962 ||| DRINKING 2 sedimented amethyst potions.
   963 | D:1      | 963 ||| DRINKING 3 fizzy brown potions.
   964 | D:1      | 964 ||| DROPPING scroll of poison.
   965 | D:1      | 965 ||| DROPPING potion of brilliance.
   966 | D:1      | 966 ||| DROPPING 2 scrolls of blinking.
  1067 | D:2      | Reached XP level 4. HP: 20/26 MP: 5/5
  1240 | D:2      | Reached skill level 4 in Ranged Weapons
  1539 | D:2      | Noticed Natasha
  1547 | D:2      | Killed Natasha
  1691 | D:2      | Found a runed translucent door.
  1692 | D:2      | Noticed Crazy Yiuf
  1775 | D:2      | Noticed Natasha
  1780 | D:2      | Killed Natasha
  1781 | D:2      | Reached XP level 5. HP: 22/30 MP: 6/6
  1874 | D:2      | Noticed Natasha
  1878 | D:2      | Killed Natasha
  1879 | D:2      | Reached skill level 5 in Ranged Weapons
  1929 | D:2      | 1929 ||| UPGRADING to +0 ring mail.
  1939 | D:2      | 1939 ||| DROPPING +0 robe.
  1940 | D:2      | 1940 ||| READING scroll labelled SUISKOLOU.
  1941 | D:2      | 1941 ||| READING scroll labelled CIEBIXTOONG.
  1942 | D:2      | 1942 ||| READING 2 scrolls of identify.
  1942 | D:2      | 1942 ||| IDENTIFYING murky golden potion
  1943 | D:2      | 1943 ||| DROPPING potion of degeneration.
  2114 | D:3      | Reached skill level 1 in Armour
  2336 | D:3      | Found Edwog's Armour Shoppe.
  2348 | D:3      | 2348 ||| BUYING +0 helmet (54 gold).
  2348 | D:3      | Bought a +0 helmet for 54 gold pieces
  2348 | D:3      | 2348 ||| SHOPLISTING +0 helmet of see invisible (138 gold,
                  | have 38).
  2348 | D:3      | 2348 ||| SHOPLISTING +2 robe of cold resistance (212 gold,
                  | have 38).
  2670 | D:3      | 2670 ||| UPGRADING to +0 helmet.
  2675 | D:3      | 2675 ||| READING scroll labelled GES WE NEILA.
  2676 | D:3      | 2676 ||| READING scroll labelled ZUPIDWY OKOM.
  2716 | D:4      | Noticed an ogre
  2717 | D:4      | 2717 ||| PLANNING SEWER
  2719 | D:4      | HP: 6/31 [ogre/+0 giant club (25)]
  2720 | D:4      | 2720 ||| STAIRDANCE
  2720 | D:4      | Slain by an ogre

Levels and vault maps discovered:
D:1:      wander_arrival_chamber, layout_basic, ebering_ecumenical_altar_hall,
          serial_bayou, serial_bayou_pond_c, serial_bayou_pond_c,
          serial_bayou_pond_b, serial_bayou_pond_d,
          nicolae_concentric_dashed_squares_wild
D:2:      layout_basic, minmay_misc_feat_more_columns,
          roderic_nine_men_s_morris, grunt_ministairs_15,
          uniq_crazy_yiuf_cottage, uniq_natasha
D:3:      layout_loops_cross, serial_shops, nicolae_shop_tiny_waterfront
D:4:      layout_layer_cave, lightli_sewer_entry_pipes

Skill      XL: |  1  2  3  4  5 |
---------------+----------------+-----
Ranged Weapons | 3 4 5 |  5.1
Fighting       | 2 |  2.6
Armour         | 1 |  1.2
Dodging        | |  1.5
Spellcasting   | |  1.0
Hexes          | |  2.6

Action                     |  1- 3 |  4- 6 || total
---------------------------+-------+-------++-------
   Fire: Sling             |   154 |   159 ||   313
    Use: Scroll            |     4 |     5 ||     9
         Potion            |     2 |       ||     2
 Armour: Robe              |    61 |     8 ||    69
         Ring mail         |       |    19 ||    19
  Dodge: Dodged            |   113 |    40 ||   153

Table legend:
 A = Non-vault XP
 B = Vault XP
 C = Vault XP percentage of total XP
 D = Non-vault monster count
 E = Vault monster count
 F = Vault count percentage of total count
                 A         B        C        D         E       F
            +---------+---------+-------+---------+---------+-------
      Total |     226 |      61 |  21.3 |      71 |       9 |  11.2
            +---------+---------+-------+---------+---------+-------
        D:1 |      57 |      11 |  16.2 |      31 |       6 |  16.2
        D:2 |      96 |      50 |  34.2 |      17 |       3 |  15.0
        D:3 |      73 |       0 |   0.0 |      23 |       0 |   0.0
            +---------+---------+-------+---------+---------+-------
